Unix NetHack Version 5.0.0-0 post-release - last build May 31 2026 23:59:36 (970b52f25bf058293b47ddfd14a1e40e571c508c,branch:main).

Game began 2026-06-07 09:38:06, ended 2026-06-07 09:42:40.

DiePARTEI, neutral female human Tourist

                        ----
            |          --..--
            |.         -.[..--
          ---...       ..)...---
          |........ |   -@G.....-
                ...... --<.....--
                    |.....d|...|
                    - ----.|----
                          .|
                          .-
                          .

DiePARTEI the Rambler       St:13 Dx:12 Co:13 In:15 Wi:9 Ch:13  Neutral
Dlvl:3  $:934 HP:0(14) Pw:4(4) AC:10 Xp:2 T:542 

Latest messages:
 You swap places with your little dog.
 You destroy the kobold zombie!
 You see here a kobold corpse.
 The little dog bites the lichen.
 The lichen is killed!
 Where do you want to travel to?
 (For instructions type a '?')
 You stop.  Your little dog is in the way!
 Where do you want to travel to?
 (For instructions type a '?')
 You descend the stairs.
 In what direction? 8
 You kill the gnome!
 The little dog misses the dwarf.
 The little dog bites the dwarf.
 The dwarf wields a dagger!
 In what direction? 8
 The dart misses the gnome.
 The little dog bites the dwarf.
 The dwarf throws a dagger!
 You are hit by a dagger.
 In what direction? 8
 The dart hits the gnome.
 The little dog misses the dwarf.
 The gnome picks up a +2 dart.
 In what direction? 8
 The dart misses the gnome.
 The little dog misses the gnome.
 The dwarf picks up a +2 dart.
 In what direction? 8
 You kill the gnome!
 Welcome to experience level 2.
 The little dog bites the dwarf.
 The dwarf is killed!
 There is a branch staircase up to the Dungeons of Doom here.
 You see here a dagger.
 The little dog picks up a +2 dart.
 u - a dagger.
 In what direction? 1
 You kill the gnome!
 The gnome lord wields a thonged club!
 The gnome lord secures the tether on the thonged club.
 You see here 7 darts.
 v - 7 darts.
 The little dog drops a +2 dart.
 The gnome lord swings his thonged club.
 The gnome lord hits!
 You die...
 Do you want your possessions identified? [ynq] (y) y
 Do you want to see your attributes? [ynq] (y) q

Inventory:
 Coins    ('$')
  $ - 934 gold pieces
 Weapons  (')')
  a - 30 +2 darts (at the ready)
  v - 7 +0 darts
  u - a +0 dagger
  m - a cursed +0 flail
 Armor    ('[')
  j - an uncursed +0 Hawaiian shirt with a hibiscus flower motif (being worn)
 Comestibles  ('%')
  c - 2 uncursed apples
  s - an uncursed cram ration
  e - 7 uncursed food rations
  b - 3 uncursed fortune cookies
  f - an uncursed melon
  q - an uncursed lichen corpse
 Scrolls  ('?')
  i - a blessed scroll of magic mapping
  h - an uncursed scroll of magic mapping
 Spellbooks  ('+')
  t - an uncursed spellbook of remove curse
 Potions  ('!')
  g - an uncursed potion of extra healing
  r - an uncursed potion of gain energy
  p - an uncursed potion of see invisible
 Wands    ('/')
  n - a wand of light (0:10)
  o - a wand of lightning (0:4)
 Tools    ('(')
  l - an uncursed credit card
  k - an expensive camera (0:71)

DiePARTEI the Tourist's attributes:

Background:
 You were a Rambler, a level 2 female human Tourist.
 You were neutral, on a mission for The Lady
 who was opposed by Blind Io (lawful) and Offler (chaotic).
 You were left-handed.
 You were in the Gnomish Mines, on level 3.
 You entered the dungeon 542 turns ago.
 You had 30 experience points, 10 more were needed to attain level 3.

Basics:
 You had 0 out of 14 hit points.
 You had all 4 energy points (spell power).
 Your armor class was 10.
 Your wallet contained 934 zorkmids.
 Autopickup was off.

Final Characteristics:
 Your strength was 13 (limit:18/100).
 Your dexterity was 12 (limit:18).
 Your constitution was 13 (limit:18).
 Your intelligence was 15 (limit:18).
 Your wisdom was 9 (limit:18).
 Your charisma was 13 (limit:18).

Final Status:
 You weren't hungry.
 You were unencumbered.
 You were bare handed.
 You were unskilled in bare handed combat.

Final Attributes:
 You were fervently aligned.
 You are dead.

Miscellaneous:
 You didn't encounter any bones levels.
 Total elapsed playing time was 4 minutes and 33 seconds.

Major events:
 Turn
    1: DiePARTEI the neutral female human Tourist entered the dungeon
  529: entered the Gnomish Mines
  542: killed by a gnome lord

Spells:
 Name                 Level Category     Fail Retention
 remove curse           3   clerical     100%  76%-100%

Skills:
 Fighting Skills
   bare handed combat [Unskilled]
   two weapon combat  [Unskilled]
   riding             [Unskilled]
 Weapon Skills
   dagger             [Unskilled]
   knife              [Unskilled]
   axe                [Unskilled]
   pick-axe           [Unskilled]
   short sword        [Unskilled]
   broadsword         [Unskilled]
   long sword         [Unskilled]
   two-handed sword   [Unskilled]
   saber              [Unskilled]
   mace               [Unskilled]
   morning star       [Unskilled]
   flail              [Unskilled]
   hammer             [Unskilled]
   quarterstaff       [Unskilled]
   polearms           [Unskilled]
   spear              [Unskilled]
   trident            [Unskilled]
   lance              [Unskilled]
   bow                [Unskilled]
   sling              [Unskilled]
   crossbow           [Unskilled]
   dart               [Basic]
   shuriken           [Unskilled]
   boomerang          [Unskilled]
   whip               [Unskilled]
   unicorn horn       [Unskilled]
 Spellcasting Skills
   divination spells  [Unskilled]
   enchantment spells [Unskilled]
   escape spells      [Unskilled]

Voluntary challenges:
 Character rerolling was not enabled.
 You followed a strict vegan diet.
 You were an atheist.
 You never hit with a wielded weapon.
 You never genocided any monsters.
 You never polymorphed an object.
 You never changed form.
 You used no wishes.
Achievement:
 You entered the Gnomish Mines.

 The Dungeons of Doom: levels 1 to 3
    Level 1:
       Some fountains, some sinks.
    Level 2:
       Stairs down to The Gnomish Mines.
    Level 3:
 The Gnomish Mines:
    Level 3: <- You were here.
       Final resting place for
          you, killed by a gnome lord.


Vanquished creatures:
  a dwarf
  3 gnomes
  2 sewer rats
  2 grid bugs
  4 lichens
  a kobold zombie
  a newt
14 creatures vanquished.

No species were genocided or became extinct.

Game over:
                       ----------
                      /          \
                     /    REST    \
                    /      IN      \
                   /     PEACE      \
                  /                  \
                  |    DiePARTEI     |
                  |      934 Au      |
                  |   killed by a    |
                  |    gnome lord    |
                  |                  |
                  |                  |
                  |       2026       |
                 *|     *  *  *      | *
        _________)/\\_//(\/(/\)/\//\/|_)_______

Aloha DiePARTEI the Tourist...

You died in The Gnomish Mines on dungeon level 3 with 259 points,
and 934 pieces of gold, after 542 moves.
You were level 2 with a maximum of 14 hit points when you died.

